 Dungeon Crawl Stone Soup version 0.18.1-47-g9310371 (webtiles) character file.

77 Implojin the Ruffian (level 4, -4/44 HPs)
             Began as a Troll Fighter on June 22, 2016.
             Slain by Rastaban's ghost (7 damage)
             ... on level 3 of the Dungeon.
             The game lasted 00:02:43 (362 turns).

Implojin the Ruffian (Troll Fighter)                 Turns: 362, Time: 00:02:44

Health: -4/44      AC:  5    Str: 29    XL:     4   Next: 14%
Magic:  3/3        EV:  8    Int:  4    God:
Gold:   12         SH:  9    Dex: 10    Spells: 0 memorised, 3 levels left

rFire  + . .     SeeInvis .       - Unarmed
rCold  x . .     Gourm    +     a - +0 robe
rNeg   . . .     Faith    .     b - +0 shield
rPois  .         Spirit   .     (helmet restricted)
rElec  .         Dismiss  .     (no cloak)
rCorr  .         Reflect  .     (gloves unavailable)
SustAt .         Harm     .     (boots unavailable)
MR     .....                    (no amulet)
Stlth  +.........               (no ring)
                                k - ring of fire

@: mighty, not resistant to hostile enchantments, very unstealthy
A: unfitting armour, claws 3, fast metabolism 3, gourmand, regeneration 2,
shaggy fur 1, tough skin 2
a: no special abilities


You were on level 3 of the Dungeon.
You were very full.

You visited 1 branch of the dungeon, and saw 3 of its levels.

You collected 12 gold pieces.

Inventory:

Missiles
 l - 4 tomahawks (quivered)
 p - 7 curare-tipped needles
Armour
 a - a +0 robe (worn)
 b - a +0 shield (worn)
 i - a -2 robe
Jewellery
 k - a ring of fire (left claw)
Scrolls
 e - a scroll of magic mapping
 f - 3 scrolls of identify
 g - a scroll of random uselessness
 h - a scroll of remove curse
 n - a scroll of amnesia {unknown}
Potions
 m - a potion of heal wounds {unknown}
 o - a potion of flight {unknown}
Comestibles
 d - 2 bread rations
 j - 5 chunks of flesh


   Skills:
 - Level 2.4 Fighting
 - Level 2.4 Dodging
 - Level 2.4 Shields
 * Level 4.4 Unarmed Combat


You had 3 spell levels left.
You didn't know any spells.

Dungeon Overview and Level Annotations

Branches:
Dungeon (3/15)

Altars:

Annotations:
D:3 Rastaban's ghost, amateur GrFi


Innate Abilities, Weirdness & Mutations

You are too large for most types of armour.
You have claws for hands.
Your metabolism is lightning-fast.
You like to eat raw meat.
You heal very quickly.
You are covered in fur (AC +1).
You have very tough skin (AC +2).


Message History

You feel sick.
Unknown command.
You feel sick.
Rastaban's ghost wails.
You feel sick.
Rastaban's ghost lets out a mournful wail.
You see here a bat corpse.
You feel sick.
You feel sick.
You are no longer poisoned.
Rastaban's ghost grins evilly.
Drink which item? (? for menu, Esc to quit)
You feel very mighty all of a sudden. Rastaban's ghost hits you.
* * * LOW HITPOINT WARNING * * *
Unknown command.
You barely miss Rastaban's ghost.
Rastaban's ghost is moderately damaged.
You block Rastaban's ghost's attack.
You scratch Rastaban's ghost but do no damage.
Rastaban's ghost is moderately damaged.
Rastaban's ghost hits you.
* * * LOW HITPOINT WARNING * * *
You closely miss Rastaban's ghost.
Rastaban's ghost is moderately damaged.
You block Rastaban's ghost's attack.
You scratch Rastaban's ghost but do no damage.
Rastaban's ghost is moderately damaged.
Rastaban's ghost hits you but does no damage.
You scratch Rastaban's ghost.
Rastaban's ghost is heavily damaged.
Rastaban's ghost hits you!
* * * LOW HITPOINT WARNING * * *
You scratch Rastaban's ghost but do no damage.
Rastaban's ghost is heavily damaged.
Rastaban's ghost hits you but does no damage.
You claw Rastaban's ghost!
Rastaban's ghost is severely damaged.
Rastaban's ghost hits you!
You die...

#.##..#.# ####.###...#
#### #S..S..†...# ..#
....##.#####.## #.## .
##.# ##..###..# .##
#S.# #........## ..#
#.## #.........###.##
#..####....†..#.......
##SrW@........>.......
#####................
##..†........††..
#...............
#...............
#.<.............
########........
##.....#. ########


You could see Rastaban's ghost, a ball python and a rat.

Vanquished Creatures
  3 gnolls (D:2)
  2 adders (D:3)
  An ooze (D:1)
  2 dart slugs
  A giant gecko (D:3)
  An orc (D:3)
  3 goblins
  2 hobgoblins
  4 bats
  2 giant newts (D:2)
  A quokka skeleton (D:3)
  3 rats
25 creatures vanquished.

Notes
Turn   | Place    | Note
--------------------------------------------------------------
     0 | D:1      | Implojin the Troll Fighter began the quest for the Orb.
     0 | D:1      | Reached XP level 1. HP: 22/22 MP: 0/0
    85 | D:1      | Reached XP level 2. HP: 29/29 MP: 1/1
   140 | D:2      | Reached skill level 3 in Unarmed Combat
   144 | D:2      | Reached XP level 3. HP: 9/36 MP: 2/2
   238 | D:3      | Reached skill level 4 in Unarmed Combat
   304 | D:3      | Noticed Rastaban's ghost (amateur GrFi)
   313 | D:3      | Reached XP level 4. HP: 44/44 MP: 3/3
   360 | D:3      | HP: 2/44 [Rastaban's ghost (15)]
   362 | D:3      | Slain by Rastaban's ghost

Skill      XL: |  1  2  3 |
---------------+----------+-----
Unarmed Combat | 3 4 |  4.4
Fighting       | |  2.4
Dodging        | |  2.4
Shields        | |  2.4

Action                   |  1- 3 |  4- 6 || total
-------------------------+-------+-------++-------
Melee: Unarmed           |    53 |    20 ||    73
  Use: Scroll            |     3 |       ||     3
       Potion            |       |     1 ||     1
  Eat: Chunk             |     8 |       ||     8
Armor: Robe              |    22 |     4 ||    26
Dodge: Dodged            |    19 |     3 ||    22
Block: Shield            |    25 |     6 ||    31

Table legend:
 A = Turns spent in this place as a percentage of turns spent in the entire game.
 B = Non-inter-level travel turns spent in this place as a percentage of non-inter-level travel turns spent in the entire game.
 C = Inter-level travel turns spent in this place as a percentage of turns spent in this place.
 D = Turns resting spent in this place as a percentage of non-inter-level travel turns spent in this place.
 E = Turns spent auto-exploring this place as a percentage of non-inter-level travel turns spent in this place.
 F = Non-inter-level travel turns spent in this place divided by the number of levels of this place that you've seen.
                   A       B       C       D       E      F
               +-------+-------+-------+-------+-------+----------------------
         Total | 100.0 | 100.0 |   0.0 |   0.0 |   0.0 | 111.0
       Dungeon | 100.0 | 100.0 |   0.0 |   0.0 |   0.0 | 111.0
               +-------+-------+-------+-------+-------+----------------------

Table legend:
 A = Kills in this place as a percentage of kills in entire the game.
 B = Kills by you in this place as a percentage of kills by you in the entire game.
 C = Kills by friends in this place as a percentage of kills by friends in the entire game.
 D = Other kills in this place as a percentage of other kills in the entire game.
 E = Experience gained in this place as a percentage of experience gained in the entire game.
 F = Experience gained in this place divided by the number of levels of this place that you have seen.
                   A       B       C       D       E      F
               +-------+-------+-------+-------+-------+----------------------
         Total | 100.0 | 100.0 |  -nan |  -nan | 100.0 |  37.0
       Dungeon | 100.0 | 100.0 |  -nan |  -nan | 100.0 |  37.0
               +-------+-------+-------+-------+-------+----------------------
